 Dungeon Crawl Stone Soup version 0.13.0-9-gbc74161 (webtiles) character file.

3458 HungrySpirit the Thaumaturge (level 9, -4/49 HPs)
             Began as a Deep Elf Fire Elementalist on Oct 17, 2013.
             Was a Follower of Vehumet.
             Slain by a basilisk (8 damage)
             ... on Level 8 of the Dungeon.
             The game lasted 00:34:13 (9418 turns).

HungrySpirit the Thaumaturge (DEFE)                 Turns: 9418, Time: 00:34:13

HP  -4/49        AC  5     Str  5      XL: 9   Next: 60%
MP   8/28        EV  2     Int 22      God: Vehumet [*.....]
Gold 335         SH  0     Dex 15      Spells:  4 memorised, 13 levels left

Res.Fire  : . . .   See Invis. : .   j - +0 club
Res.Cold  : . . .   Warding    : .   a - +0 elf robe
Life Prot.: + + +   Conserve   : .   (no shield)
Res.Poison: +       Res.Corr.  : .   G - +0 dwarf helmet
Res.Elec. : .       Clarity    : .   E - +0 cloak
Sust.Abil.: . .     Spirit.Shd : .   u - +0 pair of elf gauntlets
Res.Mut.  : .       Stasis     : +   (no boots)
Res.Rott. : +       Flight     : .   i - amulet of stasis
Saprovore : . . .                    (no ring)
                                     (no ring)

@: petrified, somewhat resistant to hostile enchantments, quite stealthy
A: breathe flames 1, herbivore 1, Str -2
a: Renounce Religion, Breathe Fire


You were on level 8 of the Dungeon.
You worshipped Vehumet.
Vehumet was aware of your devotion.
You were hungry.

You visited 2 branches of the dungeon, and saw 9 of its levels.

You collected 315 gold pieces.

Inventory:

Hand weapons
 j - a +0,+0 club (weapon)
Armour
 a - a +0 elven robe (worn)
 u - a +0 pair of elven gauntlets (worn)
 E - a +0 cloak (worn)
 G - a +0 dwarven helmet (worn)
Magical devices
 r - a wand of cold (11)
Comestibles
 c - 7 bread rations
 p - 3 meat rations
 s - a choko
 t - a rotting chunk of worm flesh
 v - 2 rotting chunks of hound flesh
Scrolls
 d - 5 scrolls of teleportation
 f - 2 scrolls of identify
 g - a scroll of blinking
 h - 6 scrolls of remove curse
 l - a scroll of fog
 m - a scroll of enchant armour {unknown}
 n - 2 scrolls of recharging
Jewellery
 i - an amulet of stasis (around neck)
Potions
 e - 2 potions of flight
 k - a potion of might
 o - 2 potions of agility
 w - 5 potions of curing
 A - 2 potions of restore abilities
Books
 b - a book of Flames

   Spells                             Type                      Level
   *Flame Tongue                      Conjuration/Fire             1
   Throw Flame                        Conjuration/Fire             2
   *Conjure Flame                     Conjuration/Fire             3
   Inner Flame                        Hexes/Fire                   3
   *Sticky Flame                      Conjuration/Fire             4
   *Fireball                          Conjuration/Fire             5


   Skills:
 - Level 5.0 Fighting
 - Level 2.4 Dodging
 + Level 5.1 Stealth
 - Level 9.0 Spellcasting
 * Level 7.6 Conjurations
 * Level 7.4 Fire Magic


You had 13 spell levels left.
You knew the following spells:

 Your Spells              Type           Power        Failure   Level  Hunger
a - Flame Tongue          Conj/Fire      #####        1%          1    None
b - Conjure Flame         Conj/Fire      #####...     1%          3    None
c - Sticky Flame          Conj/Fire      #####...     3%          4    ##.....
d - Fireball              Conj/Fire      #####.....   12%         5    ####...


Dungeon Overview and Level Annotations

Branches:
Dungeon (8/27)             Temple (1/1) D:6
    Orc: D:6-11        Lair: D:8-13

Altars:
Ashenzari
Cheibriados
Elyvilon
Kikubaaqudgha
Makhleb
Nemelex Xobeh
Sif Muna
Trog
Vehumet
Xom
Yredelemnul
Zin
the Shining One


Innate Abilities, Weirdness & Mutations

You can breathe flames.
You digest meat inefficiently.
You are weak. (Str -2)


Message History

You turn to flesh and can move again.
Unknown command.
Drink which item? (? for menu, Esc to quit)
You feel better. The basilisk misses you.
Read which item? (? for menu, Esc to quit)
You cannot teleport right now.
The basilisk gazes at you.
You are slowing down.
Your limbs are stiffening.
There is a stone staircase leading up here.
The basilisk bites you. The basilisk completely misses you.
You have turned to stone.
The basilisk bites you! The basilisk bites you. The basilisk bites you!
* * * LOW HITPOINT WARNING * * *
The basilisk bites you!
* * * LOW HITPOINT WARNING * * *
The basilisk bites you!
You die...

.#
######.#
#......#
#.####.#
#.# #.#
#.# #.#
#.####..
#....###
####l.#
##@# #.#
#.# #.#
#.# #.#
#.# ..#
###


You could see a basilisk.

Vanquished Creatures
  2 yaks (D:8)
  The ghost of MackTheKnife the Charmwright, an average HESk (D:4)
  2 porcupines (D:8)
  2 ice beasts
  An ogre (D:6)
  2 orc warriors (D:6)
  A phantom (D:8)
  A sky beast (D:5)
  3 giant frogs
  2 centaurs (D:6)
  2 crocodiles
  Blork the orc (D:5)
  A water moccasin (D:7)
  7 hounds
  A centaur zombie (D:7)
  2 jellies (D:7)
  3 crimson imps
  A giant frog skeleton (D:4)
  A scorpion (D:7)
  8 orc priests
  3 orc wizards
  3 worker ants (D:4)
  A killer bee zombie (D:7)
  4 gnolls (D:6)
  7 adders
  2 worms
  3 giant geckos
  2 oozes (D:2)
  25 orcs
  A ball python (D:4)
  8 bats
  A bat skeleton (D:5)
  A bat zombie (D:6)
  3 giant cockroaches
  17 hobgoblins
  6 jackals
  11 kobolds
  3 quokkas
  3 giant newts
  4 giant spores (D:6)
  A gnoll zombie (D:6)
  9 goblins
  A hobgoblin zombie (D:6)
  A jackal skeleton (D:5)
  15 rats
  A rat zombie (D:6)
  25 ballistomycetes (D:6)
205 creatures vanquished.

Vanquished Creatures (others)
  2 orcs
  2 giant spores (D:6)
  A plant (D:8)
5 creatures vanquished.

Grand Total: 210 creatures vanquished

Notes
Turn   | Place    | Note
--------------------------------------------------------------
     0 | D:1      | HungrySpirit, the Deep Elf Fire Elementalist, began the quest for the Orb.
     0 | D:1      | Reached XP level 1. HP: 10/10 MP: 4/4
   473 | D:1      | Reached XP level 2. HP: 15/15 MP: 1/7
  1144 | D:2      | Reached skill level 4 in Spellcasting
  1203 | D:2      | Reached XP level 3. HP: 19/19 MP: 5/11
  1614 | D:2      | Learned a level 3 spell: Conjure Flame
  2177 | D:3      | Reached XP level 4. HP: 21/24 MP: 6/14
  2350 | D:3      | Learned a level 4 spell: Sticky Flame
  3028 | D:3      | Found a snail-covered altar of Cheibriados.
  3028 | D:3      | Found a glowing silver altar of Zin.
  3308 | D:4      | Noticed MackTheKnife's ghost (average HESk)
  3498 | D:4      | Reached XP level 5. HP: 28/28 MP: 10/17
  3575 | D:4      | Found a deep blue altar of Sif Muna.
  3701 | D:4      | Killed MackTheKnife's ghost
  3701 | D:4      | Reached skill level 5 in Conjurations
  3701 | D:4      | Reached XP level 6. HP: 17/32 MP: 11/19
  4080 | D:5      | Entered Level 5 of the Dungeon
  4085 | D:5      | Reached skill level 5 in Fire Magic
  4275 | D:5      | Reached skill level 6 in Conjurations
  4275 | D:5      | Reached XP level 7. HP: 36/36 MP: 11/21
  4282 | D:5      | Learned a level 5 spell: Fireball
  4496 | D:5      | Noticed Blork the orc
  4512 | D:5      | Killed Blork the orc
  5069 | D:5      | Reached skill level 1 in Fighting
  5562 | D:5      | Gained mutation: You digest meat inefficiently. [potion of mutation]
  5562 | D:5      | Gained mutation: You can breathe flames. [potion of mutation]
  5562 | D:5      | Gained mutation: You are weak. (Str -2) [potion of mutation]
  5769 | D:6      | Reached skill level 5 in Spellcasting
  6091 | D:6      | Reached XP level 8. HP: 44/44 MP: 16/23
  6858 | D:6      | Reached skill level 5 in Fighting
  7050 | D:6      | Reached skill level 7 in Spellcasting
  7552 | D:6      | inmateoo: пиздец а не комната
  7582 | D:6      | Found an ancient bone altar of Kikubaaqudgha.
  7653 | D:6      | Reached skill level 8 in Spellcasting
  7980 | D:6      | Found a staircase to the Ecumenical Temple.
  8004 | Temple   | Entered the Ecumenical Temple
  8288 | Temple   | Became a worshipper of Vehumet
  8527 | D:7      | Reached XP level 9. HP: 49/49 MP: 25/28
  8560 | D:7      | Reached skill level 9 in Spellcasting
  8752 | D:7      | Found a glowing golden altar of the Shining One.
  9024 | D:7      | Acquired Vehumet's first power
  9024 | D:7      | Offered knowledge of Sting by Vehumet.
  9378 | D:8      | Reached skill level 5 in Stealth
  9418 | D:8      | Slain by a basilisk

Action                   |  1- 3 |  4- 6 |  7- 9 || total
-------------------------+-------+-------+-------++-------
Melee: Club              |     8 |     3 |    93 ||   104
 Cast: Flame Tongue      |    94 |    76 |   344 ||   514
       Conjure Flame     |       |    10 |    13 ||    23
       Sticky Flame      |       |       |     4 ||     4
 Abil: Breathe Fire      |       |       |     6 ||     6
Evoke: Wand              |       |     1 |     8 ||     9
  Use: Potion            |       |     2 |     7 ||     9
       Scroll            |       |       |    18 ||    18
 Stab: Sleeping          |       |       |     1 ||     1
